 Dungeon Crawl Stone Soup version 0.30.1-9-gdf580d7c3d (webtiles) character file.

Game seed: 16526887300313265393

180 fireball365 the Chopper (level 5, 0/47 HPs)
             Began as a Hill Orc Fighter on Oct 8, 2023.
             Slain by a gnoll bouda
             ... wielding a +0 club
              (4 damage)
             ... on level 4 of the Dungeon.
             The game lasted 00:05:20 (3276 turns).

fireball365 the Chopper (Hill Orc Fighter)          Turns: 3276, Time: 00:05:21

Health: 0/47       AC:  9    Str: 21    XL:     5   Next: 60%
Magic:  5/5        EV:  8    Int:  8    God:
Gold:   164        SH:  0    Dex: 16    Spells: 4/4 levels left

rFire   . . .        v - +0 battleaxe
rCold   . . .        (shield currently unavailable)
rNeg    . . .        h - +0 chain mail
rPois   .            (no helmet)
rElec   .            (no cloak)
rCorr   .            (no gloves)
SInv    .            (no boots)
Will    .....        (no amulet) Stlth
                     o - +6 ring of dexterity
HPRegen 0.27/turn    (no ring)
MPRegen 0.09/turn

%: no passive effects
@: weakened
A: no striking features
a: no special abilities


You were on level 4 of the Dungeon.
You visited 1 branch of the dungeon, and saw 4 of its levels.

You collected 164 gold pieces.

Inventory:

Hand Weapons
 a - a +0 war axe
 t - a +2 war axe of electrocution
 v - a +0 battleaxe (weapon)
Missiles
 r - 6 poisoned darts (quivered)
Armour
 b - a +0 scale mail
 c - a +0 buckler
 h - a +0 chain mail (worn)
Jewellery
 o - a +6 ring of dexterity (left hand)
Scrolls
 i - a scroll of teleportation {unknown}
 k - a scroll of poison {unknown}
 l - a scroll of blinking {unknown}
 n - a scroll of enchant armour
 s - a scroll of acquirement {unknown}
 u - a scroll of amnesia
 w - a scroll of fog {unknown}
Potions
 d - a potion of might
 e - 5 potions of curing
 f - 4 potions of haste
 g - a potion of degeneration {unknown}
 j - 3 potions of brilliance
 m - a potion of attraction {unknown}
 p - a potion of lignification {unknown}
Miscellaneous
 q - a piece from Xom's chessboard (15/15)


   Skills:
 + Level 4.5 Fighting
 + Level 4.8 Axes
 + Level 4.1 Armour
 + Level 1.1 Dodging
 + Level 3.9 Shields


You had 4 spell levels left.
You didn't know any spells.
Your spell library contained the following spells:

 Spells                   Type           Power      Damage    Failure   Level
 Beastly Appendage        Tmut           0%         N/A       96%         1
 Necrotise                Necr           0%         1d4       96%         1
 Wereblood                Tmut           0%         N/A       99%         2
 Spider Form              Tmut/Pois      0%         N/A       100%        3
 Stone Arrow              Conj/Erth      0%         3d7       100%        3
 Vampiric Draining        Necr           0%         2d6       100%        3
 Animate Armour           Summ/Erth      0%         N/A       100%        4
 Agony                    Necr           0%         N/A       100%        5
 Lehudib's Crystal Spear  Conj/Erth      0%         10d2      100%        8


Dungeon Overview and Level Annotations

Branches:
Dungeon (4/15)
 Temple: D:4-7

Altars:
Fedhas
Xom


Message History

The goblin hits you but does no damage.
You closely miss the goblin. The gnoll barely misses you.
The gnoll bouda gazes fiercely through you!
You feel as though you will be weak longer.
The goblin barely misses you.
You completely miss the goblin.
The gnoll is no longer moving quickly. x2
The gnoll closely misses you.
The goblin hits you but does no damage. x2
You slash the goblin!
You kill the goblin!
You barely miss the gnoll bouda. The gnoll bouda barely misses you.
The gnoll hits you from afar with a +0 spear.
You hit the gnoll bouda.
The gnoll bouda is lightly wounded.
The gnoll bouda barks out a call to the hunt!
The gnolls pick up the pace!
The gnoll closely misses you.
The gnoll bouda hits you but does no damage.
You closely miss the gnoll bouda.
The gnoll bouda is lightly wounded.
The gnoll closely misses you.
The gnoll bouda hits you with a +0 club.
The gnoll hits you from afar with a +0 spear.
You barely miss the gnoll bouda.
The gnoll bouda is lightly wounded.
The gnoll bouda hits you with a +0 club.
The gnoll hits you but does no damage.
The gnoll bouda hits you with a +0 club.
You hit the gnoll bouda but do no damage.
The gnoll bouda is lightly wounded.
The gnoll hits you from afar with a +0 spear!
The gnoll bouda hits you with a +0 club.
You closely miss the gnoll bouda.
The gnoll bouda is lightly wounded.
The gnoll hits you from afar with a +0 spear.
* * * LOW HITPOINT WARNING * * *
The gnoll bouda hits you with a +0 club!
* * * LOW HITPOINT WARNING * * *
The gnoll hits you but does no damage.
The gnoll bouda hits you with a +0 club.
You die...

#...) #.... .... #+# ... #.#
########## ..
#.#####......... #$
#...##....######
'####.###### #...##....#
...........#######..<##....#
..........gggggg@'...'.#+###
........##.#######...#.#.#
....g...+..# #.#.#.#.#
#####...#### #.#...#.# #...#
#.#.....### #...#
#.#>......# #...#
#.#.#####.# #...#
###.#.....#'##### #...#
#...###.........#


You could see a gnoll bouda and 5 gnolls.

Vanquished Creatures
  An orc wizard (D:4)
  8 adders
  2 worms
  A dart slug (D:1)
  2 orcs (D:4)
  6 ball pythons
  7 endoplasms
  3 giant cockroaches
  5 goblins
  10 hobgoblins
  4 jackals (D:1)
  4 quokkas
  5 bats
  4 frilled lizards
  4 kobolds
  7 rats
73 creatures vanquished.

Notes
Turn   | Place    | Note
-------+----------+-------------------------------------------
     0 | D:1      | fireball365 the Hill Orc Fighter began the quest for the
                  | Orb.
     0 | D:1      | Reached XP level 1. HP: 19/19 MP: 1/1
   140 | D:1      | Reached XP level 2. HP: 12/27 MP: 2/2
   459 | D:1      | Reached XP level 3. HP: 33/33 MP: 3/3
  1053 | D:2      | Reached XP level 4. HP: 27/40 MP: 4/4
  1850 | D:3      | Found a blossoming altar of Fedhas.
  2268 | D:3      | Found a shimmering altar of Xom.
  2653 | D:3      | Reached XP level 5. HP: 38/47 MP: 5/5
  2717 | D:3      | Reached skill level 1 in Dodging
  3276 | D:4      | Slain by a gnoll bouda

Illustrated notes

Levels and vault maps discovered:
D:1:      minmay_arrival_semitransparent, layout_basic
D:2:      layout_loops_corners
D:3:      layout_loops_corners, fedhas_altar_1, xom_butterflies,
          grunt_ministairs_7, minmay_puff
D:4:      layout_basic, mainiacjoe_overflow_divided_tiny

Skill      XL: |  1  2  3  4  5 |
---------------+----------------+-----
Axes           | 3 4 |  4.8
Fighting       | 4 |  4.5
Armour         | 4 |  4.1
Dodging        | 1 |  1.1
Shields        | |  3.9

Action                     |  1- 3 |  4- 6 || total
---------------------------+-------+-------++-------
  Melee: War axe           |    91 |    95 ||   186
         Battleaxe         |       |    25 ||    25
    Use: Scroll            |       |     5 ||     5
 Armour: Scale mail        |    63 |    52 ||   115
         Chain mail        |       |    29 ||    29
  Dodge: Dodged            |    70 |    70 ||   140
  Block: Buckler           |    27 |    22 ||    49
